 Dungeon Crawl Stone Soup version 0.21-a0-265-gb353147 (webtiles) character file.

758798 Lavandula the Convoker (level 27, -4/211 HPs)
             Began as a Ghoul Warper on Sept 3, 2017.
             Was the Champion of Hepliaklqana.
             Killed from afar by a shard shrike (24 damage)
             ... with a shard of ice
             ... created by the effects of Hell
             ... on level 7 of Cocytus on Sept 12, 2017.
             The game lasted 07:50:10 (41806 turns).

Lavandula the Convoker (Ghoul Warper)              Turns: 41806, Time: 07:50:11

Health: -4/211     AC: 19    Str: 28    XL:     27
Magic:  11/43      EV: 16    Int: 24    God:    Hepliaklqana [******]
Gold:   4884       SH: 16    Dex:  8    Spells: 0/58 levels left

rFire    + + +     SeeInvis .   M - staff of wizardry
rCold    + + .     Gourm    .   B - +2 shield of Resistance {rF+ rC+ MR+}
rNeg     + + +     Faith    .   Q - +3 salamander hide armour {+Rage rF++}
rPois    ∞         Spirit   .   N - +3 hat of Pondering {ponderous, MR+ MP+10 Int+5}
rElec    +         Reflect  .   E - +2 cloak {rPois}
rCorr    .         Harm     .   V - +3 pair of gauntlets of War {Slay+5}
MR       +++++                  P - +2 pair of boots {run}
Stlth    ++........             L - amulet "Cuqin" {+Rage rF+ MR+ MP-9 Str+7}
HPRegen  0.00/turn              G - ring "Supram Evieg" {rF+ rN+ Int+4 Stlth-}
MPRegen  0.28/turn              C - ring "Zoqausoi" {+Blink rElec Stlth-}

@: rotting
A: rotting body, reduced essence, claws 1, carnivore 3, cold resistance 1,
negative energy resistance 3, inhibited regeneration, torment resistance,
unbreathing
}: 9/15 runes: decaying, serpentine, slimy, silver, obsidian, icy, bone,
abyssal, demonic
a: Recall Ancestor, Ancestor Identity, Transference, Idealise, Renounce
Religion, Evoke Blink


You were on level 7 of Cocytus.
You worshipped Hepliaklqana.
Hepliaklqana was exalted by your worship.
You were not hungry.

You visited 14 branches of the dungeon, and saw 70 of its levels.
You visited Pandemonium 2 times, and saw 9 of its levels.
You visited the Abyss 2 times.
You also visited: Labyrinth, Sewer and Ice Cave.

You collected 6344 gold pieces.
You spent 1460 gold pieces at shops.

Inventory:

Hand Weapons
 I - the +9 staff of Wucad Mu {channel}
   (You found it on level 3 of the Depths)
 T - a +9 vampiric demon trident
Missiles
 t - 3 steel javelins
 y - 3 throwing nets (quivered)
Armour
 B - the +2 shield of Resistance (worn) {rF+ rC+ MR+}
   (You found it on level 5 of the Vaults)

   It protects you from fire.
   It protects you from cold.
   It affects your resistance to hostile enchantments.
 E - a +2 cloak of poison resistance (worn)
 F - the +5 robe of Night {Dark MR+ SInv}
   (You found it in a labyrinth)

   It affects your resistance to hostile enchantments.
   It lets you see invisible.
 N - the +3 hat of Pondering (worn) {ponderous, MR+ MP+10 Int+5}
   (You took it off Gastronok on level 9 of the Dungeon)

   It affects your intelligence (+5).
   It affects your resistance to hostile enchantments.
   It affects your magic capacity (+10).
 P - a +2 pair of boots of running (worn)
 Q - the +3 salamander hide armour (worn) {+Rage rF++}
   (You found it on level 5 of the Pits of Slime)

   It greatly protects you from fire.
   It lets you go berserk.
 V - the +3 pair of gauntlets of War (worn) {Slay+5}
   (You found it on level 5 of the Pits of Slime)

   It affects your accuracy and damage with ranged weapons and melee attacks
   (+5).
Magical Staves
 M - an uncursed staff of wizardry (weapon)
Jewellery
 C - the ring "Zoqausoi" (right hand) {+Blink rElec Stlth-}
   (You found it on level 5 of the Pits of Slime)

   [ring of loudness]

   It insulates you from electricity.
   It lets you blink.
   It makes you less stealthy.
 G - the ring "Supram Evieg" (left hand) {rF+ rN+ Int+4 Stlth-}
   (You took it off an ancient champion on level 3 of the Crypt)

   [ring of positive energy]

   It affects your intelligence (+4).
   It protects you from fire.
   It protects you from negative energy.
   It makes you less stealthy.
 L - the amulet "Cuqin" (around neck) {+Rage rF+ MR+ MP-9 Str+7}
   (You found it on level 5 of the Pits of Slime)

   [amulet of rage]

   It affects your strength (+7).
   It protects you from fire.
   It affects your resistance to hostile enchantments.
   It affects your magic capacity (-9).
   It lets you go berserk.
 S - the ring "Evvap" {rPois Dex+4}
   (You found it in a labyrinth)

   [ring of dexterity]

   It affects your dexterity (+4).
   It protects you from poison.
Wands
 a - a wand of paralysis (22/24)
 b - a wand of flame (41/48)
 o - a wand of digging (5/24)
 q - a wand of clouds (5/9)
 H - a wand of enslavement (14/24)
 Z - a wand of acid (3/15)
Scrolls
 d - a scroll of magic mapping
 g - 12 scrolls of amnesia
 k - 12 scrolls of remove curse
 n - 12 scrolls of fog
 p - a scroll of identify
 v - a scroll of fear
 x - 2 scrolls of immolation
 z - 2 scrolls of silence
Potions
 h - 4 potions of resistance
 j - 7 potions of curing
 l - 3 potions of brilliance
 m - a potion of ambrosia
 r - 2 potions of invisibility
 u - 3 potions of cancellation
 A - 4 potions of might
 J - 4 potions of agility
 K - 2 potions of magic
Books
 U - a book of Clouds

   Spells                             Type                      Level
   a - Poisonous Vapours              Poison/Air                   2
   b - Mephitic Cloud                 Conjuration/Poison/Air       3
   c - Conjure Flame                  Conjuration/Fire             3
   d - Freezing Cloud                 Conjuration/Ice/Air          6
   e - Ring of Flames                 Charms/Fire                  7
 Y - a Grand Grimoire

   Spells                             Type                      Level
   a - Monstrous Menagerie            Summoning                    7
   b - Summon Greater Demon           Summoning                    7
   c - Malign Gateway                 Summoning/Translocation      7
   d - Summon Horrible Things         Summoning                    8
Miscellaneous
 i - the horn of Geryon
 s - a lightning rod (4/4)
 W - a lamp of fire
 X - 2 sacks of spiders
Comestibles
 c - 5 chunks of flesh
 f - 16 meat rations


   Skills:
 - Level 17.0 Fighting
 - Level 14.0 Polearms
 - Level 0.8 Throwing
 - Level 0.8 Armour
 - Level 11.0 Dodging
 - Level 11.0 Stealth
 - Level 15.3 Shields
 - Level 10.1 Unarmed Combat
 - Level 16.3 Spellcasting
 - Level 10.0 Conjurations
   Level 3.3 Hexes
 - Level 5.8 Charms
 - Level 19.4 Summonings
 - Level 9.9 Necromancy
 - Level 10.0 Translocations
   Level 3.0 Fire Magic
 - Level 6.1 Ice Magic
 + Level 8.1 Air Magic
 - Level 9.4 Invocations
 - Level 10.0 Evocations


You couldn't memorise any spells.
You knew the following spells:

 Your Spells              Type           Power        Failure   Level  Hunger
a - Blink                 Tloc           N/A          1%          2    None
b - Shroud of Golubria    Chrm/Tloc      ######....   1%          2    None
c - Passage of Golubria   Tloc           N/A          1%          4    None
d - Animate Skeleton      Necr           N/A          1%          1    None
e - Regeneration          Chrm/Necr      ######....   1%          3    None
f - Animate Dead          Necr           N/A          1%          4    None
g - Apportation           Tloc           ######       1%          1    None
h - Summon Horrible Thin  Summ           #######...   2%          8    #######
i - Control Undead        Necr           ######....   1%          4    None
j - Malign Gateway        Summ/Tloc      ######....   2%          7    ######.
k - Ozocubu's Armour      Chrm/Ice       #####...     1%          3    None
l - Deflect Missiles      Chrm/Air       ######....   11%         6    ####...
m - Freezing Cloud        Conj/Ice/Air   ######....   6%          6    ####...
n - Shadow Creatures      Summ           N/A          1%          6    ####...
o - Summon Butterflies    Summ           #######.     0%          1    None


Dungeon Overview and Level Annotations

Branches:
Dungeon (15/15)            Temple (1/1) D:6            Lair (6/6) D:8
  Swamp (4/4) Lair:4        Snake (4/4) Lair:3        Slime (5/5) Lair:6
    Orc (2/2) D:11            Elf (0/3) Orc:2        Vaults (5/5) D:13
  Crypt (3/3) Vaults:3       Tomb (0/3) Crypt:3      Depths (3/5) D:15
   Hell (1/1)                 Geh (7/7) Hell            Coc (7/7) Hell
    Tar (7/7) Hell
    Dis: Hell:1

Altars:
Ashenzari
Cheibriados
Dithmenos
Elyvilon
Fedhas
Gozag
Hepliaklqana
Kikubaaqudgha
Makhleb
Nemelex Xobeh
Qazlal
Ru
Sif Muna
Trog
Uskayaw
Vehumet
Wu Jian
Xom
Zin

Shops:
D:7 ?   D:11 [   D:12 %   D:14 ?   Orc:2 !***   Depths:1 [   Depths:2 *

Portals:
Hell: Depths:1 Depths:2 Depths:3
Abyss: Depths:1 Depths:2
Pandemonium: Depths:3

Annotations:
Snake:2 dogpile!, exclusion: Roxanne, Nikola, Roxanne
Snake:3 exclusion: upstairs
Orc:2 2 runed doors, exclusion: orange crystal statue
Geh:7 dispel ghost!, Asmodeus
Coc:7 Antaeus


Innate Abilities, Weirdness & Mutations

Your body is rotting away.
You thrive on raw meat.
You are immune to poison.
You have sharp fingernails.
You are carnivorous and can eat meat at any time.
Your flesh is cold resistant. (rC+)
You are immune to negative energy. (rN+++)
You do not regenerate when monsters are visible.
You are immune to unholy pain and torment.
You can survive without breathing.
Your life essence is reduced to manifest your ancestor. (-10% HP)


Message History

Casting: Blink
Confirm with . or Enter, or press ? or * to list all spells.
You blink.
You block the shard shrike's attack.
The water elemental is engulfed in freezing vapours.
The ice dragon breathes frost at you. The blast of cold hits you! You resist.
* * * LOW HITPOINT WARNING * * *
Okay, then.
Okay, then.
Evoke which item? (* to show all) (? for menu, Esc to quit)
Okay, then.
Okay, then.
Jaydra is still trapped in memory!
Unknown command.
Okay, then.
Unknown command.
You feel better.
The shard shrike spits a shard of ice at you.
The shard of ice hits you! You partially resist.
You die...

##≈≈≈≈≈≈≈≈≈≈≈≈#
##≈≈≈≈≈≈^≈≈≈≈≈## ##≈
#####≈≈≈≈≈≈Ez≈§§≈≈#
#≈≈
#####≈≈≈....C§≈≈≈≈#
#≈≈
#####≈≈≈...≈E≈≈≈≈≈##
#≈≈
#####≈≈..##E##..≈≈≈#
#≈≈
#####≈..##ED)##..≈≈#
#≈≈
#####≈).#$$z}.#.^≈≈#
#≈≈
#####≈).#@b.|.#..≈≈#
#≈≈
#####≈.)#$..|.#b.≈≈#
#≈≈
#####≈..##$.:##C.≈≈#
##≈≈
#####≈≈^.#####..≈≈≈#
#≈≈≈
#####≈≈≈.C......≈≈≈#
#≈≈≈
#####≈≈≈≈......≈≈≈##
##≈≈≈
#####≈≈≈≈≈....≈≈≈≈#
#≈≈≈≈
#####≈≈≈≈≈....≈≈≈≈#
#≈≈≈≈
#####≈≈≈≈≈....≈≈≈≈#
#≈≈≈≈


You could see Antaeus, a shard shrike, an ice dragon, 2 skeletal warriors and 3
water elementals.

Vanquished Creatures
  the Royal Jelly (Slime:5)
  A pandemonium lord (Pan)
  2 ancient liches
  A golden dragon (Geh:7)
  2 doom hounds (Tar:3)
  A bone dragon (Tar:4)
  9 liches
  A Tzitzimitl (Tar:7)
  3 Brimstone Fiends
  2 Ice Fiends (Coc:7)
  2 Hell Sentinels
  Rupert (Lair:3)
  An Executioner (Pan)
  3 titans
  15 acid blobs
  3 quicksilver dragons
  2 ancient champions (Crypt:3)
  A sphinx (Vaults:4)
  A warmonger (Pan)
  4 shadow dragons (Tar:7)
  3 storm dragons
  A nagaraja (Snake:4)
  3 frost giants
  4 tengu reavers
  5 azure jellies (Slime:5)
  2 fire giants
  5 balrugs
  A vault warden (Vaults:3)
  2 cacodemons (Pan)
  A juggernaut zombie (Hell)
  Louise (Swamp:3)
  3 ironheart preservers (Vaults:4)
  Aizul (Snake:3)
  6 reapers
  An elemental wellspring (Coc:1)
  2 caustic shrike skeletons (Crypt:3)
  8 stone giants
  10 very ugly things
  An entropy weaver (Vaults:5)
  Nessos (Lair:6)
  A deep elf demonologist (Vaults:5)
  4 lorocyprocas (Pan)
  A black sun (Pan)
  3 vampire knights
  3 dire elephants
  A deep elf death mage (Vaults:4)
  3 death oozes
  8 fire dragons
  6 ettins
  3 green deaths (Pan)
  7 blizzard demons
  2 eidola (Crypt:3)
  A minotaur (Lab)
  A merfolk impaler (Depths:1)
  4 yaktaur captains
  2 quicksilver dragon zombies
  6 ice dragons
  3 jiangshi
  2 great orbs of eyes (Slime:5)
  14 vault guards
  A rakshasa (D:15)
  A kraken zombie (Hell)
  A monstrous demonspawn (Pan)
  A catoblepas (Geh:6)
  A hell beast (Pan)
  A quicksilver dragon skeleton (Coc:1)
  5 naga warriors
  7 hydras
  8 centaur warriors
  7 anacondas
  21 two-headed ogres
  6 ogre magi
  4 alligators
  2 deep troll earth magi
  7 death yaks
  7 hell hogs
  2 vampire magi
  A deep troll shaman (Vaults:3)
  An orc high priest (D:9)
  A spriggan berserker (Depths:2)
  5 shock serpents
  2 storm dragon zombies (Geh:2)
  5 sun demons
  A thrashing horror (Abyss:3)
  17 hell knights
  2 titan skeletons
  7 naga sharpshooters
  10 soul eaters
  2 shadow wraiths
  2 fire crabs
  2 salamander mystics
  17 skeletal warriors
  A sixfirhy (Pan)
  A golden dragon zombie (Coc:7)
  A spatial maelstrom (Abyss:1)
  An unseen horror (D:15)
  4 shadow demons (Tar:7)
  3 deep trolls
  2 storm dragon skeletons
  A ghost moth zombie (Crypt:1)
  4 anaconda zombies
  4 wizards
  A flayed ghost (Crypt:3)
  2 starcursed masses (Abyss:1)
  A glowing orange brain (Vaults:4)
  A torturous demonspawn (Pan)
  A naga ritualist (Snake:1)
  4 swamp dragons
  A gelid demonspawn (Pan)
  2 shambling mangroves (Swamp:3)
  3 anaconda skeletons
  8 phantasmal warriors
  2 wolf spider zombies
  10 harpies
  5 orc knights
  5 ironbrand convokers
  5 necromancers
  3 fire giant zombies
  4 lindwurms
  9 mana vipers
  3 frost giant zombies (Depths:3)
  3 shadow dragon skeletons
  7 deep elf magi
  5 wolf spiders
  A salamander (Snake:3)
  5 cyclopes
  4 iron dragon skeletons
  5 shining eyes
  17 ugly things
  2 manticores
  A cyclops (shapeshifter) (Vaults:4)
  5 elephants
  A dire elephant zombie (Coc:7)
  15 black mambas
  2 vault sentinels (Vaults:4)
  A rust devil (Depths:2)
  4 stone giant skeletons
  3 ice statues
  An eye of devastation (shapeshifter) (Vaults:4)
  A fire giant skeleton (Crypt:3)
  A frost giant skeleton (Tar:5)
  10 smoke demons
  4 molten gargoyles
  2 orange demons (Pan)
  10 naga magi
  A dire elephant skeleton (Geh:2)
  A torpor snail (Lair:6)
  9 spiny frogs
  A spriggan zombie (Hell)
  8 freezing wraiths
  A kobold demonologist (D:15)
  3 komodo dragons
  An emperor scorpion zombie (Geh:3)
  A rime drake (Lair:2)
  10 hellions
  11 yaktaurs
  2 catoblepas skeletons (Crypt:3)
  3 demonic crawlers (Pan)
  2 efreet
  3 hellwings (Pan)
  2 ancient zymes (Abyss:3)
  10 red devils
  2 harpy zombies (Geh:7)
  9 ice devils
  A battlemage (Slime:5)
  A merfolk (shapeshifter) (Vaults:4)
  A silent spectre (Tar:5)
  A queen bee (shapeshifter) (D:15)
  8 hydra zombies
  2 trolls
  A sphinx simulacrum (Vaults:5)
  A raiju (shapeshifter) (D:15)
  A fire dragon zombie (Geh:2)
  2 wolf spider simulacra
  10 hornets
  6 blink frogs
  4 dream sheep
  4 hippogriffs
  A deep troll zombie (Hell)
  2 ice dragon zombies
  3 bog bodies
  4 hydra skeletons
  45 slime creatures
  3 ettin zombies
  A hippogriff (shapeshifter) (Depths:2)
  44 flying skulls
  2 harpy skeletons
  A spriggan (shapeshifter) (D:13)
  2 alligator zombies
  A snapping turtle (Geh:6)
  An ice dragon skeleton (Geh:2)
  The ghost of dricus the Magician, an amateur DECj of Vehumet (D:4)
  2 fire dragon skeletons
  A ynoxinul (Pan)
  A spriggan (Swamp:2)
  12 wraiths
  A black mamba zombie (Geh:6)
  15 yaks
  10 shadows
  A yak (shapeshifter) (Depths:2)
  An alligator skeleton (Hell)
  4 large abominations (Pan)
  A wyvern (D:11)
  6 water elementals
  6 vampire mosquitoes
  3 ettin skeletons
  2 chaos spawn (Pan)
  21 fire elementals
  2 steam dragons
  2 basilisks
  3 wargs
  19 nagas
  4 swamp worms
  An insubstantial wisp (Swamp:3)
  6 water moccasins
  A small abomination (Abyss:3)
  A hydra simulacrum (Hell)
  3 spiny frog zombies
  6 porcupines
  12 hell hounds
  A floating eye (shapeshifter) (Vaults:5)
  A faun skeleton (Crypt:2)
  10 swamp drakes
  5 sky beasts
  6 ice beasts
  A deep troll skeleton (Vaults:5)
  An eye of draining (Slime:1)
  13 orc warriors
  2 snapping turtle zombies
  2 hornet zombies
  3 phantoms
  3 black bears
  13 necrophages
  10 boggarts
  27 ogres
  5 wolves
  An elephant skeleton (Crypt:3)
  9 centaurs
  9 crocodiles
  2 snapping turtle skeletons
  2 big kobolds
  18 bullfrogs
  A deep troll simulacrum (Vaults:5)
  A wyvern skeleton (D:15)
  A water moccasin skeleton (D:5)
  4 scorpions
  An elf simulacrum (Vaults:1)
  39 wights
  3 electric eels (D:8)
  A howler monkey (D:6)
  10 crimson imps
  4 bullfrog zombies
  7 centaur skeletons
  3 jellies
  7 hounds
  A quasit (D:9)
  6 orc priests
  Crazy Yiuf (D:7)
  5 iguanas
  Ijyb (D:3)
  2 bullfrog skeletons
  A human skeleton (Geh:1)
  An iguana (shapeshifter) (D:15)
  8 orc wizards
  2 hell rats (Lair:5)
  4 worker ants
  A felid zombie (Crypt:2)
  2 hound skeletons
  A mummy (Coc:3)
  A worker ant zombie (D:5)
  A howler monkey skeleton (D:7)
  Robin (D:3)
  3 gnolls (D:5)
  14 adders
  4 river rats (Lair:5)
  6 shadow imps
  7 white imps
  8 ufetubi
  An adder skeleton (D:4)
  3 worms (D:2)
  6 leopard geckos
  53 orcs
  13 giant cockroaches
  19 goblins
  4 hobgoblins
  A jackal (shapeshifter) (Vaults:4)
  8 jackals
  3 quokkas
  5 ball pythons
  5 bats
  3 frilled lizards (Sewer)
  A jackal zombie (D:8)
  6 kobolds
  A kobold skeleton (Geh:5)
  A leopard gecko zombie (D:5)
  A quokka skeleton (D:5)
  3 rats
  2 fire vortices
  A plant (Lair:6)
1379 creatures vanquished.

Vanquished Creatures (collateral kills)
  Ereshkigal (Tar:7)
  The ghost of glosham the Lord of Darkness, a legendary GnHu of Kikubaaqudgha (Geh:7)
  2 ancient liches (Tar:7)
  Mara (Crypt:3)
  2 pandemonium lords (Pan)
  2 shard shrikes
  Geryon (Hell)
  2 bone dragons
  Jory (Depths:3)
  A golden dragon (Vaults:4)
  9 Tzitzimimeh
  10 Brimstone Fiends
  Jorgrun (Vaults:1)
  6 liches
  7 Ice Fiends
  A tentacled monstrosity (Vaults:4)
  4 titans
  3 ancient champions (Crypt:3)
  6 quicksilver dragons
  5 acid blobs
  2 Executioners (Pan)
  A tentacled starspawn (Abyss:3)
  Gastronok (D:9)
  5 tengu reavers
  A thorn hunter (Abyss:3)
  3 storm dragons
  9 shadow dragons
  3 azure jellies (Slime:2)
  7 nagarajas
  4 revenants (Crypt:3)
  A ghost moth (Coc:5)
  4 frost giants
  A deep elf sorcerer (Vaults:5)
  5 fire giants
  9 vault wardens
  A warmonger (Pan)
  An iron dragon (Geh:6)
  8 balrugs
  A caustic shrike zombie (Hell)
  A deep elf elementalist (Vaults:5)
  2 cacodemons (Pan)
  An emperor scorpion (Coc:7)
  2 caustic shrike skeletons (Crypt:3)
  25 reapers
  8 ironheart preservers
  6 very ugly things
  3 stone giants
  An elemental wellspring (Coc:1)
  6 vampire knights
  2 corrupters (Pan)
  A deep elf demonologist (Vaults:4)
  A lorocyproca (Pan)
  A deep elf annihilator (Vaults:5)
  A dire elephant (Coc:6)
  8 ettins
  A deep elf death mage (Vaults:4)
  2 eidola (Crypt:2)
  3 jiangshi
  4 green deaths
  6 ogre magi
  4 fire dragons
  9 blizzard demons
  Josephine (Orc:1)
  A great orb of eyes (Vaults:2)
  5 yaktaur captains
  A kraken zombie (Coc:1)
  18 vault guards
  A rakshasa (Depths:2)
  4 naga warriors (Snake:4)
  12 ice dragons
  A monstrous demonspawn (Pan)
  3 catoblepae
  14 anacondas
  16 hydras
  7 centaur warriors
  32 two-headed ogres
  3 alligators
  A deep troll shaman (D:15)
  4 death knights
  11 hell hogs
  3 deep troll earth magi
  9 vampire magi
  4 death yaks
  3 large abominations
  6 naga sharpshooters
  A titan zombie (Geh:2)
  A storm dragon zombie (Coc:5)
  7 shock serpents
  17 sun demons
  10 soul eaters
  31 skeletal warriors
  A fire crab (Swamp:4)
  10 shadow wraiths
  6 titan skeletons
  19 hell knights
  3 salamander mystics (Snake:4)
  A deep elf knight (Vaults:4)
  3 anaconda zombies
  3 sixfirhies (Pan)
  2 wretched stars
  3 golden dragon zombies
  5 shadow demons (Tar:7)
  2 torturous demonspawn (Pan)
  An unseen horror (D:12)
  An infernal demonspawn (Pan)
  2 unseen horrors (shapeshifter)
  5 swamp dragons
  2 flayed ghosts (Vaults:4)
  A shadow dragon zombie (Crypt:3)
  A wolf spider zombie (Coc:6)
  7 deep trolls
  6 orc knights
  6 naga ritualists
  2 glowing orange brains
  A wizard (Vaults:1)
  A lindwurm (Snake:4)
  A deep elf archer (Vaults:4)
  6 necromancers
  9 ironbrand convokers
  An orb spider (shapeshifter) (D:15)
  2 iron dragon zombies
  9 phantasmal warriors
  A stone giant zombie (Geh:7)
  8 harpies
  3 wolf spiders
  7 deep elf magi
  A golden dragon skeleton (Crypt:3)
  2 frost giant zombies
  8 mana vipers
  A human zombie (Vaults:5)
  5 salamanders
  2 orc sorcerers
  13 ugly things
  A manticore (D:15)
  2 shining eyes
  3 cyclopes
  A shadow dragon skeleton (Coc:1)
  7 ice statues
  2 iron dragon skeletons
  A worldbinder (Abyss:3)
  2 dire elephant zombies
  5 fire giant zombies
  5 stone giant skeletons
  A rust devil (Pan)
  17 black mambas
  6 elephants
  9 vault sentinels
  A fire giant skeleton (Coc:7)
  An eye of devastation (Slime:2)
  3 frost giant skeletons
  12 smoke demons
  2 centaur zombies
  5 guardian serpents
  8 naga magi (Snake:4)
  5 molten gargoyles
  8 spiny frogs
  4 gargoyles
  2 yellow draconian zombies
  4 orange demons (Pan)
  3 efreet (Geh:7)
  6 hellions
  An apocalypse crab (Abyss:3)
  A yaktaur zombie (Hell)
  A dire elephant skeleton (Geh:7)
  2 rime drakes (Lair:6)
  12 yaktaurs
  2 demonic crawlers (Pan)
  4 ancient zymes
  An alligator snapping turtle skeleton (Crypt:3)
  2 komodo dragons
  4 tormentors
  6 hellwings (Pan)
  19 ice devils
  A harpy zombie (D:15)
  4 hydra zombies
  10 freezing wraiths
  12 red devils
  A tyrant leech (Swamp:4)
  2 tengu conjurers
  6 hornets
  A yellow draconian skeleton (Crypt:2)
  3 trolls
  A silent spectre (Tar:3)
  A minotaur zombie (Lab)
  3 blink frogs
  A jumping spider (Vaults:5)
  3 polar bears
  A harpy skeleton (Geh:7)
  2 hydra skeletons
  50 slime creatures
  A spriggan zombie (Hell)
  An ettin zombie (Coc:3)
  2 snapping turtles
  4 bog bodies
  4 hippogriffs
  An ice dragon zombie (Geh:1)
  An alligator zombie (Coc:5)
  4 dream sheep
  21 flying skulls
  A starcursed mass (Abyss:1)
  7 spriggans
  2 shadows
  3 water elementals
  4 fire dragon skeletons
  A wyvern (Lair:5)
  An ettin skeleton (Geh:5)
  2 ice dragon skeletons
  5 ynoxinuls (Pan)
  25 yaks
  A tarantella (shapeshifter) (Vaults:5)
  14 wraiths
  4 basilisks
  A yak (shapeshifter) (Depths:3)
  A human (Tar:5)
  12 fire elementals
  A neqoxec (Pan)
  2 golden eyes
  10 vampire mosquitoes
  4 hungry ghosts
  2 steam dragons
  2 chaos spawn (Pan)
  A warg (Vaults:1)
  2 insubstantial wisps (Swamp:3)
  11 nagas
  2 spatial vortices (Abyss:1)
  7 swamp worms
  An acid dragon (D:15)
  4 spiny frog zombies
  A soldier ant (D:13)
  3 porcupines
  21 hell hounds
  3 water moccasins
  6 spiny frog skeletons
  3 ice beasts
  2 eyes of draining
  9 orc warriors
  5 swamp drakes
  3 necrophages
  25 ogres
  2 phantoms
  A sky beast (D:9)
  A swamp dragon zombie (Coc:7)
  3 boggarts
  2 wolves (Lair:1)
  A snapping turtle skeleton (Tar:4)
  10 centaurs
  8 crocodiles
  A wyvern zombie (D:13)
  13 bullfrogs
  20 wights
  4 crimson imps
  A quasit (D:11)
  A bullfrog zombie (D:9)
  A hound (D:7)
  2 orc priests (Vaults:2)
  4 jellies
  A bullfrog skeleton (D:13)
  6 orc wizards
  A worker ant (D:13)
  An ogre zombie (Coc:5)
  A tengu zombie (Crypt:3)
  A mummy (Coc:7)
  A worker ant zombie (D:9)
  A howler monkey zombie (D:11)
  4 adders
  3 river rats (Lair:5)
  3 shadow imps
  7 white imps
  2 ufetubi (IceCv)
  2 oozes (Lair:6)
  2 leopard geckos
  19 orcs
  5 giant cockroaches
  A jackal (D:9)
  A ball python (Sewer)
  A gnoll skeleton (Crypt:3)
  An orc zombie (Tar:3)
  A rat (Lair:5)
  3 fire vortices (Pan)
  2 fungi (Lair:6)
  2 plants (Lair:6)
  A starspawn tentacle (Abyss:3)
  4 tentacles
1319 creatures vanquished.

Vanquished Creatures (others)
  31 eldritch tentacles
  A fire giant (Geh:7)
  An ettin (Tar:7)
  A vault guard (Vaults:4)
  A sun demon (Pan)
  A sixfirhy (Pan)
  A swamp dragon (Swamp:4)
  2 anaconda skeletons (Geh:7)
  A lindwurm (Swamp:4)
  A harpy (Vaults:5)
  A black mamba (Snake:2)
  Maurice (D:9)
  A hellion (Geh:7)
  A komodo dragon (Lair:6)
  A slime creature (Swamp:4)
  An ettin skeleton (Geh:1)
  A hell hound (Geh:7)
  A swamp drake (Swamp:4)
  An eye of draining (D:11)
  A boggart (Depths:1)
  2 centaurs (D:12)
  A bullfrog (D:15)
  3 wights
  A hound (D:11)
  113 battlemagi
  3 ancestors (D:8)
  2 white imps (IceCv)
  2 ufetubi (IceCv)
  A ball lightning (Lair:6)
  2 orcs (D:12)
  4 blocks of ice (Pan)
  2 fungi (Lair:4)
  A lurking horror (Abyss:3)
  17 plants
  3 starspawn tentacles (Abyss:3)
  10 tentacles
218 creatures vanquished.

Grand Total: 2916 creatures vanquished

Notes
Turn   | Place    | Note
-------+----------+-------------------------------------------
     0 | D:1      | Lavandula the Ghoul Warper began the quest for the Orb.
     0 | D:1      | Reached XP level 1. HP: 17/17 MP: 2/2
   139 | D:1      | Reached XP level 2. HP: 24/24 MP: 3/3
   261 | D:2      | Reached XP level 3. HP: 18/29 MP: 4/4
   388 | D:2      | Learned a level 2 spell: Blink
   395 | D:2      | Learned a level 2 spell: Shroud of Golubria
   484 | D:3      | Noticed Robin
   575 | D:2      | Reached XP level 4. HP: 15/38 MP: 5/5
   881 | D:3      | Noticed Ijyb
   956 | D:3      | Killed Ijyb
   956 | D:3      | Reached XP level 5. HP: 37/45 MP: 4/6
   958 | D:3      | Reached skill level 5 in Unarmed Combat
  1003 | D:3      | Found a blossoming altar of Fedhas.
  1057 | D:3      | Killed Robin
  1384 | D:4      | Reached XP level 6. HP: 51/51 MP: 7/7
  1424 | D:4      | Learned a level 4 spell: Passage of Golubria
  1485 | D:4      | Noticed dricus's ghost (amateur DECj)
  1528 | D:4      | Killed dricus's ghost
  1528 | D:4      | Reached XP level 7. HP: 38/55 MP: 4/8
  1696 | D:4      | Reached skill level 1 in Charms
  1785 | D:4      | Found an ornate altar of the Wu Jian Council.
  1904 | D:5      | Entered Level 5 of the Dungeon
  2212 | D:5      | Reached XP level 8. HP: 49/66 MP: 4/9
  2270 | D:5      | Reached skill level 5 in Fighting
  2485 | D:6      | Found a staircase to the Ecumenical Temple.
  2494 | Temple   | Entered the Ecumenical Temple
  2580 | Temple   | Became a worshipper of Hepliaklqana the Forgotten
  2717 | D:6      | Found a glowing drain.
  2737 | Sewer    | Entered a sewer
  2954 | Sewer    | Reached XP level 9. HP: 65/66 MP: 1/10
  3172 | D:7      | Found a white marble altar of Elyvilon.
  3242 | D:7      | Found a runed door.
  3248 | D:7      | Noticed Crazy Yiuf
  3263 | D:7      | Killed Crazy Yiuf
  3281 | D:7      | Found a stormy altar of Qazlal.
  3375 | D:7      | Found Soqijaus's Magic Scroll Boutique.
  3383 | D:7      | Reached skill level 1 in Evocations
  3395 | D:7      | Bought a scroll of fog for 20 gold pieces
  3395 | D:7      | Bought a scroll of teleportation for 30 gold pieces
  3395 | D:7      | Bought a scroll of identify for 20 gold pieces
  3395 | D:7      | Bought a scroll of identify for 20 gold pieces
  3395 | D:7      | Bought a scroll of identify for 20 gold pieces
  3401 | D:7      | Found a glowing silver altar of Zin.
  3402 | D:7      | Found a stormy altar of Qazlal.
  3402 | D:7      | Found an opulent altar of Gozag.
  3416 | D:7      | Found a bloodstained altar of Trog.
  3508 | D:7      | Reached * piety under Hepliaklqana
  3722 | D:8      | Found a staircase to the Lair.
  3722 | D:8      | Noticed a troll
  3921 | D:8      | Learned a level 1 spell: Animate Skeleton
  3976 | D:8      | Reached skill level 1 in Necromancy
  3993 | D:8      | Reached XP level 10. HP: 38/79 MP: 12/12
  4127 | D:9      | Learned a level 3 spell: Regeneration
  4219 | D:9      | Noticed Gastronok
  4270 | D:9      | Killed Gastronok
  4354 | D:9      | Noticed an orc knight
  4363 | D:9      | Noticed an orc high priest
  4603 | D:9      | Reached ** piety under Hepliaklqana
  4605 | D:9      | Remembered your ancestor Jaydra as a battlemage
  4628 | D:9      | Got a fine silver ring
  4630 | D:9      | Identified the cursed ring of Mozic {AC-3 Int+3 Dex+8 Stlth+} (You found it on level 9 of the Dungeon)
  4638 | D:9      | Got a transparent shortbow
  4641 | D:9      | Got a steaming tin ring
  4643 | D:9      | Identified the ring "Luliamn" {*Contam rPois rN++} (You found it on level 9 of the Dungeon)
  4675 | D:9      | Killed an orc high priest
  4675 | D:9      | Reached skill level 5 in Dodging
  4697 | D:9      | Noticed Maurice
  4706 | D:9      | Killed Maurice
  4706 | D:9      | Reached XP level 11. HP: 49/84 MP: 11/14
  5071 | D:9      | Killed an orc knight
  5099 | D:9      | Identified the +6 shortbow of the Big Fish {freeze, MR+++ Int+3 Dex-3} (You found it on level 9 of the Dungeon)
  5100 | D:9      | Upgraded the game from 0.21-a0-241-g2cbab09 to 0.21-a0-264-g3e31e41
  5118 | D:9      | Noticed a centaur warrior
  5128 | D:9      | Killed a centaur warrior
  5181 | D:9      | Found a burning altar of Makhleb.
  5194 | D:10     | Entered Level 10 of the Dungeon
  5291 | D:11     | Noticed a two-headed ogre
  5325 | D:10     | Noticed a centaur warrior
  5346 | D:10     | Killed a centaur warrior
  5632 | D:11     | Found Qiucobb's Armour Boutique.
  5725 | D:11     | Noticed a skeletal warrior
  5725 | D:11     | Noticed a skeletal warrior
  5917 | D:11     | Reached skill level 10 in Fighting
  6150 | D:11     | Noticed a centaur warrior
  6166 | D:11     | Killed a centaur warrior
  6241 | D:11     | Reached XP level 12. HP: 91/97 MP: 13/15
  6265 | D:12     | Found Meolock's Food Emporium.
  6265 | D:12     | Reached *** piety under Hepliaklqana
  6269 | D:11     | Noticed a two-headed ogre
  6271 | D:11     | Noticed a two-headed ogre
  6300 | D:11     | Killed a two-headed ogre
  6338 | D:11     | Killed a two-headed ogre
  6420 | D:11     | Found a staircase to the Orcish Mines.
  6723 | D:11     | Killed a two-headed ogre
  7037 | D:13     | Found a labyrinth entrance.
  7057 | D:13     | Noticed a two-headed ogre
  7072 | D:13     | Killed a two-headed ogre
  7104 | Lab      | Entered a labyrinth
  7304 | Lab      | Noticed a minotaur
  7320 | Lab      | Killed a minotaur
  7320 | Lab      | Reached skill level 10 in Unarmed Combat
  7328 | Lab      | Identified Sif Muna's Almanac of Frigorific Dark Secrets
  7329 | Lab      | Found the +5 robe of Night {Dark MR+ SInv}
  7329 | Lab      | Got a glittering amber ring
  7333 | Lab      | Identified the ring "Evvap" {rPois Dex+4} (You found it in a labyrinth)
  7634 | Orc:1    | Entered Level 1 of the Orcish Mines
  7666 | Orc:1    | Noticed Josephine
  7675 | Orc:1    | Killed Josephine
  7738 | Orc:1    | Reached **** piety under Hepliaklqana
  8000 | Orc:2    | Entered Level 2 of the Orcish Mines
  8021 | Orc:2    | Noticed a two-headed ogre
  8021 | Orc:2    | Noticed a two-headed ogre
  8036 | Orc:2    | Killed a two-headed ogre
  8045 | Orc:2    | Learned a level 4 spell: Animate Dead
  8060 | Orc:2    | Found a runed door.
  8067 | Orc:2    | Found the +10 large shield of Ignorance {rN+ Int-4}
  8073 | Orc:2    | Found a runed door.
  8156 | Orc:2    | Noticed an ogre mage
  8159 | Orc:2    | Reached XP level 13. HP: 110/110 MP: 11/16
  8166 | Orc:2    | Killed an ogre mage
  8479 | Orc:1    | Learned a level 1 spell: Confusing Touch
  8557 | Orc:1    | Reached skill level 1 in Hexes
  8834 | Orc:1    | Reached skill level 5 in Translocations
  8881 | Orc:2    | Paralysed by an orc sorcerer for 5 turns
  8904 | Orc:2    | Noticed an ogre mage
  8912 | Orc:2    | Killed an ogre mage
  8929 | Orc:2    | Found Doin's Assorted Antiques.
  8929 | Orc:2    | Found Gerr's General Store.
  8946 | Orc:2    | Found Butret's General Store.
  8946 | Orc:2    | Found Ysecoxt's Distillery.
  9133 | Orc:2    | Bought a scroll labeled ROPLISTR KOYFEI for 28 gold pieces
  9133 | Orc:2    | Bought a scroll labeled XUUFEKE SOOZE for 28 gold pieces
  9134 | Orc:2    | Bought a scroll of immolation for 45 gold pieces
  9134 | Orc:2    | Bought a scroll of fear for 45 gold pieces
  9137 | Orc:2    | Bought a potion of might for 52 gold pieces
  9137 | Orc:2    | Bought a potion of haste for 130 gold pieces
  9137 | Orc:2    | Bought a potion of degeneration for 13 gold pieces
  9137 | Orc:2    | Bought a potion of might for 52 gold pieces
  9137 | Orc:2    | Bought 2 potions of might for 104 gold pieces
  9137 | Orc:2    | Bought a potion of agility for 52 gold pieces
  9137 | Orc:2    | Bought a potion of curing for 39 gold pieces
  9140 | Orc:2    | Bought a scroll of teleportation for 36 gold pieces
  9140 | Orc:2    | Bought a scroll of fog for 24 gold pieces
  9259 | Orc:2    | Found a staircase to the Elven Halls.
  9527 | Lair:1   | Entered Level 1 of the Lair of Beasts
  9532 | Lair:1   | Learned a level 3 spell: Conjure Flame
  9712 | Lair:1   | Reached skill level 5 in Spellcasting
  9758 | Lair:1   | Upgraded the game from 0.21-a0-264-g3e31e41 to 0.21-a0-265-gb353147
 10026 | Lair:2   | Reached XP level 14. HP: 117/117 MP: 22/22
 10217 | Lair:2   | Reached ***** piety under Hepliaklqana
 10387 | Lair:1   | Learned a level 4 spell: Control Undead
 10476 | D:10     | Reached skill level 10 in Dodging
 10563 | Orc:2    | Bought a lamp of fire for 520 gold pieces
 10679 | D:12     | Reached skill level 1 in Polearms
 10950 | D:12     | Found a stormy altar of Qazlal.
 11361 | D:14     | Found Wughaox's Magic Scroll Shoppe.
 11365 | D:14     | Bought 3 scrolls of identify for 78 gold pieces
 11365 | D:14     | Bought a scroll of teleportation for 39 gold pieces
 11365 | D:14     | Bought a scroll of identify for 26 gold pieces
 11365 | D:14     | Bought a scroll of teleportation for 39 gold pieces
 11450 | D:14     | Reached skill level 5 in Polearms
 11670 | D:15     | Entered Level 15 of the Dungeon
 12080 | D:15     | Found a sacrificial altar of Ru.
 12081 | D:15     | Found a snail-covered altar of Cheibriados.
 12084 | D:15     | Found a radiant altar of Vehumet.
 12095 | D:15     | Noticed a white very ugly thing
 12481 | Lair:3   | Noticed Rupert
 12764 | Lair:3   | Found a staircase to the Snake Pit.
 12855 | Lair:3   | Killed Rupert
 13003 | Lair:5   | Reached XP level 15. HP: 123/123 MP: 23/23
 13044 | Lair:6   | Entered Level 6 of the Lair of Beasts
 13203 | Lair:6   | Noticed Nessos
 13216 | Lair:6   | Killed Nessos
 13233 | Lair:6   | Found a staircase to the Slime Pits.
 13296 | Lair:6   | Reached skill level 10 in Polearms
 13576 | Lair:6   | Got an ancient whip
 13577 | Lair:6   | Identified the +7 whip of Capital Punishment {slash, Str+9 Int-5 Dex+4} (You found it on level 6 of the Lair of Beasts)
 13581 | Lair:6   | Got a translucent demon blade
 13582 | Lair:6   | Identified the +6 demon blade of Imminent Death {pain, rElec} (You found it on level 6 of the Lair of Beasts)
 13960 | Lair:4   | Found a staircase to the Swamp.
 13991 | Swamp:1  | Entered Level 1 of the Swamp
 14202 | Swamp:2  | Reached ****** piety under Hepliaklqana
 14243 | Swamp:3  | Noticed Louise
 14260 | Swamp:3  | Killed Louise
 14508 | Swamp:3  | Reached skill level 1 in Fire Magic
 14637 | Swamp:4  | Entered Level 4 of the Swamp
 14688 | Swamp:3  | Reached skill level 1 in Conjurations
 14810 | Swamp:3  | Reached XP level 16. HP: 130/130 MP: 21/24
 14838 | Swamp:4  | Found a frozen archway.
 14868 | IceCv    | Entered an ice cave
 15254 | IceCv    | Got a scorched demon trident
 15255 | IceCv    | Identified the +6 demon trident "Puebby" {venom, MR+++} (You found it in an ice cave)
 15452 | Swamp:4  | Reached skill level 1 in Shields
 15772 | Swamp:4  | Got a decaying rune of Zot
 15904 | Swamp:1  | Reached skill level 5 in Shields
 16155 | Snake:1  | Entered Level 1 of the Snake Pit
 16490 | Snake:2  | Noticed Nikola
 16596 | Snake:2  | Noticed a nagaraja
 16598 | Snake:2  | Noticed Roxanne
 16616 | Snake:3  | Reached skill level 5 in Evocations
 16930 | Snake:3  | Noticed a nagaraja
 16938 | Snake:3  | Killed a nagaraja
 16955 | Snake:4  | Entered Level 4 of the Snake Pit
 17022 | Snake:4  | Reached skill level 5 in Invocations
 17042 | Snake:4  | Reached XP level 17. HP: 129/135 MP: 21/25
 18142 | Snake:4  | Reached skill level 15 in Fighting
 18375 | Snake:4  | Got a spiked helmet
 18381 | Snake:4  | Identified the +2 helmet of the Komodo Dragon {Int+3} (You found it on level 4 of the Snake Pit)
 18520 | Snake:4  | Reached skill level 1 in Stealth
 18634 | Snake:4  | Reached skill level 5 in Stealth
 18641 | Snake:4  | Reached XP level 18. HP: 146/146 MP: 8/26
 18695 | Snake:4  | Got a serpentine rune of Zot
 18912 | Snake:3  | Noticed Aizul
 18924 | Snake:3  | Killed Aizul
 19188 | Lair:1   | Learned a level 3 spell: Mephitic Cloud
 19371 | D:13     | Found a gate to the Vaults.
 19390 | D:13     | Reached skill level 1 in Air Magic
 19509 | Vaults:1 | Entered Level 1 of the Vaults
 19993 | Vaults:2 | Noticed a lich
 20076 | Vaults:2 | Reached skill level 5 in Conjurations
 20586 | Vaults:3 | Found a staircase to the Crypt.
 20597 | Crypt:1  | Entered Level 1 of the Crypt
 21022 | Crypt:3  | Entered Level 3 of the Crypt
 21022 | Crypt:3  | Found a staircase to the Tomb.
 21043 | Crypt:3  | Noticed a lich
 21055 | Crypt:3  | Killed a lich
 21326 | Crypt:3  | Reached XP level 19. HP: 82/154 MP: 4/27
 21448 | Crypt:3  | Noticed Mara
 21975 | Crypt:3  | Noticed an Ice Fiend
 22162 | Crypt:3  | Learned a level 3 spell: Ozocubu's Armour
 22195 | Crypt:3  | Noticed a bone dragon
 22212 | Crypt:3  | Killed a bone dragon
 22224 | Crypt:3  | Reached skill level 1 in Ice Magic
 22288 | Crypt:3  | Identified the ring "Bibun" {rElec rN+} (You took it off a wight on level 3 of the Crypt)
 22542 | Crypt:3  | Noticed an ancient lich
 22562 | Crypt:3  | Killed an ancient lich
 22570 | Crypt:3  | Reached skill level 5 in Ice Magic
 22588 | Crypt:3  | Identified the ring "Umymile" {rN+ Slay+2} (You took it off an ancient champion on level 3 of the Crypt)
 22678 | Crypt:3  | Noticed a lich
 22688 | Crypt:3  | Killed a lich
 22829 | Crypt:3  | Noticed Lavandula's illusion
 22851 | Crypt:3  | Killed Mara
 23029 | Crypt:3  | Identified the ring "Supram Evieg" {rF+ rN+ Int+4 Stlth-} (You took it off an ancient champion on level 3 of the Crypt)
 23714 | Vaults:3 | Reached XP level 20. HP: 163/163 MP: 27/32
 23840 | Vaults:5 | Entered Level 5 of the Vaults
 23866 | Vaults:5 | Found the +2 shield of Resistance {rF+ rC+ MR+}
 24718 | Vaults:4 | Learned a level 6 spell: Deflect Missiles
 25156 | Vaults:4 | Reached skill level 10 in Shields
 25422 | Vaults:5 | Noticed a golden dragon
 25446 | Vaults:4 | Reached XP level 21. HP: 144/171 MP: 17/33
 25529 | Vaults:4 | Killed a golden dragon
 25529 | Vaults:4 | Reached skill level 5 in Charms
 25623 | Vaults:5 | Noticed an ancient lich
 25778 | Vaults:4 | Reached skill level 5 in Air Magic
 26256 | Vaults:5 | Paralysed by an ancient lich for 4 turns
 26385 | Vaults:5 | Reached skill level 10 in Spellcasting
 26410 | Vaults:5 | Killed an ancient lich
 26510 | Vaults:5 | Got a silver rune of Zot
 26823 | Vaults:5 | Identified the Almanac of Spatial Transformation
 26827 | Vaults:5 | Learned a level 1 spell: Apportation
 27275 | Vaults:1 | Noticed Jorgrun
 27285 | Vaults:1 | Killed Jorgrun
 27746 | D:15     | Reached XP level 22. HP: 179/179 MP: 36/36
 27829 | D:15     | Identified the ring "Zujual" {+Inv rPois Str+4 Dex+2 Stlth+} (You took it off a centaur warrior on level 15 of the Dungeon)
 28391 | Slime:1  | Entered Level 1 of the Pits of Slime
 28996 | Slime:5  | Entered Level 5 of the Pits of Slime
 29104 | Slime:5  | Noticed the Royal Jelly
 29119 | Slime:5  | Killed the Royal Jelly
 29119 | Slime:5  | Reached skill level 15 in Shields
 29467 | Slime:5  | Found the +3 salamander hide armour {+Rage rF++}
 29488 | Slime:5  | Reached skill level 10 in Stealth
 29556 | Slime:5  | Got a slimy rune of Zot
 29575 | Slime:5  | Got a warped wooden ring
 29576 | Slime:5  | Identified the ring "Zoqausoi" {+Blink rElec Stlth-} (You found it on level 5 of the Pits of Slime)
 29586 | Slime:5  | Got a brightly glowing garnet amulet
 29587 | Slime:5  | Identified the amulet "Cuqin" {+Rage rF+ MR+ MP-9 Str+7} (You found it on level 5 of the Pits of Slime)
 29612 | Slime:5  | Found the +3 pair of gauntlets of War {Slay+5}
 29622 | Slime:5  | Identified a scroll of acquirement
 29646 | Slime:5  | Identified a +0 pair of boots of running (You acquired it on level 5 of the Pits of Slime)
 30033 | Lair:1   | Learned a level 6 spell: Shadow Creatures
 30294 | D:15     | Identified the Catalogue of Igneous Orientation
 30385 | D:15     | Found a staircase to the Depths.
 30397 | Depths:1 | Entered Level 1 of the Depths
 30403 | Depths:1 | Reached skill level 1 in Summonings
 30415 | Depths:1 | Reached skill level 2 in Summonings
 30533 | Depths:1 | Reached skill level 3 in Summonings
 30545 | Depths:1 | Reached XP level 23. HP: 181/181 MP: 18/37
 30593 | Depths:1 | Found Qike's Armour Emporium.
 30664 | Depths:1 | Reached skill level 4 in Summonings
 30700 | Depths:1 | Found a shadowy altar of Dithmenos.
 30781 | Depths:1 | Reached skill level 5 in Summonings
 30808 | Depths:1 | Found a gateway to Hell.
 30825 | Hell     | Entered the Vestibule of Hell
 30825 | Hell     | Noticed Geryon
 31017 | Depths:1 | Reached skill level 6 in Summonings
 31092 | Depths:1 | Found a one-way gate to the infinite horrors of the Abyss.
 31319 | Depths:2 | Reached skill level 7 in Summonings
 31381 | Depths:2 | Reached skill level 8 in Summonings
 31402 | Depths:2 | Found Ycwoone's General Store.
 31544 | Depths:2 | Identified Kaezeg's Compendium of Cold
 31656 | Depths:2 | Reached skill level 9 in Summonings
 32049 | Depths:3 | Reached skill level 10 in Summonings
 32204 | Depths:3 | Noticed Jory
 32264 | Depths:3 | Killed Jory
 32294 | Depths:3 | Found an ancient bone altar of Kikubaaqudgha.
 32313 | Depths:3 | Found the +9 staff of Wucad Mu {channel}
 32321 | Depths:3 | Reached skill level 11 in Summonings
 32429 | Depths:3 | Found a one-way gate leading to the halls of Pandemonium.
 32502 | Pan      | Entered Pandemonium
 32526 | Pan      | Learned a level 1 spell: Summon Butterflies
 32708 | Pan      | Found an exit through the horrors of the Abyss.
 32831 | Pan      | Noticed Ryiplak the pandemonium lord
 32840 | Pan      | Killed Ryiplak the pandemonium lord
 32840 | Pan      | Reached XP level 24. HP: 192/192 MP: 33/37
 32893 | Pan      | Found an exit through the horrors of the Abyss.
 33005 | Pan      | Found an exit through the horrors of the Abyss.
 33285 | Pan      | Learned a level 6 spell: Freezing Cloud
 33392 | Pan      | Learned a level 7 spell: Malign Gateway
 33441 | Pan      | Noticed Duthy the pandemonium lord
 33743 | Pan      | Killed Duthy the pandemonium lord
 33896 | Pan      | Got a demonic rune of Zot
 33989 | Pan      | Found an exit through the horrors of the Abyss.
 33998 | Pan      | Took an exit into the Abyss.
 33998 | Abyss:1  | Escaped into the Abyss
 34204 | Abyss:3  | Got an abyssal rune of Zot
 34269 | Depths:3 | Escaped the Abyss
 34303 | Pan      | Entered Pandemonium
 34341 | Pan      | Reached skill level 10 in Translocations
 34595 | Pan      | Reached skill level 12 in Summonings
 34611 | Pan      | Found an exit through the horrors of the Abyss.
 35126 | Pan      | Noticed Woydaxko the pandemonium lord
 35139 | Pan      | Killed Woydaxko the pandemonium lord
 35157 | Pan      | Identified the +1 ring mail of the Hall of Blades {Int+2 Dex-2 SInv Stlth+} (You found it in Pandemonium)
 35206 | Pan      | Noticed Mennas
 35268 | Pan      | Noticed Aqur the pandemonium lord
 35366 | Pan      | Reached skill level 13 in Summonings
 35389 | Pan      | HP: 6/192 [Aqur the pandemonium lord/great icy blast (54)]
 35663 | Pan      | Found an exit through the horrors of the Abyss.
 35722 | Pan      | Took an exit into the Abyss.
 35722 | Abyss:1  | Escaped into the Abyss
 35722 | Abyss:1  | Found a corrupted altar of Lugonu.
 35736 | Depths:3 | Escaped the Abyss
 35949 | Depths:3 | Reached XP level 25. HP: 99/198 MP: 6/38
 36037 | Hell     | Reached skill level 14 in Summonings
 36067 | Hell     | Killed Geryon
 36174 | Hell     | Found a gateway to the decaying netherworld of Tartarus.
 36208 | Hell     | Found a gateway to the ashen valley of Gehenna.
 36223 | Geh:1    | Entered Level 1 of Gehenna
 36419 | Geh:1    | Reached skill level 15 in Summonings
 37023 | Geh:3    | Reached skill level 16 in Summonings
 37765 | Geh:7    | Entered Level 7 of Gehenna
 37770 | Geh:7    | Noticed glosham's ghost (legendary GnHu)
 37988 | Geh:3    | Reached XP level 26. HP: 184/204 MP: 33/39
 38116 | Geh:6    | Learned a level 8 spell: Summon Horrible Things
 38223 | Geh:7    | Killed glosham's ghost
 38507 | Geh:7    | Reached skill level 15 in Spellcasting
 38874 | Geh:7    | Noticed Asmodeus
 38883 | Geh:7    | Got an obsidian rune of Zot
 39129 | Tar:1    | Entered Level 1 of Tartarus
 39789 | Tar:7    | Entered Level 7 of Tartarus
 39843 | Tar:7    | Reached XP level 27. HP: 204/211 MP: 38/42
 39853 | Tar:7    | Learned a level 6 spell: Freezing Cloud
 39885 | Tar:7    | Reached skill level 10 in Evocations
 40006 | Tar:7    | Identified the Catalogue of Conjuration
 40013 | Tar:7    | Reached skill level 17 in Summonings
 40169 | Tar:7    | Noticed Ereshkigal
 40208 | Tar:7    | Killed Ereshkigal
 40400 | Tar:7    | Reached skill level 18 in Summonings
 40426 | Tar:7    | Noticed an ancient lich
 40438 | Tar:7    | Killed an ancient lich
 40451 | Tar:7    | Noticed an ancient lich
 40463 | Tar:7    | Killed an ancient lich
 40562 | Tar:7    | Got a bone rune of Zot
 40752 | Hell     | Found a gateway to the freezing wastes of Cocytus.
 40767 | Coc:1    | Entered Level 1 of Cocytus
 40877 | Coc:1    | Reached skill level 19 in Summonings
 41408 | Coc:7    | Entered Level 7 of Cocytus
 41737 | Coc:7    | Reached skill level 10 in Conjurations
 41765 | Coc:7    | Noticed Antaeus
 41790 | Coc:7    | Got an icy rune of Zot
 41805 | Coc:7    | HP: 10/211 [ice dragon/blast of cold (13)]
 41806 | Coc:7    | Killed from afar by a shard shrike

Vault maps used:
D:1:      evilmike_arrival_plus
D:3:      fedhas_altar_3, uniq_ijyb, uniq_robin
D:4:      kennysheep_mini, minmay_misc_feat_pillars
D:5:      first_bread, kennysheep_generic_room_9
D:6:      cheibrodos_steamvent, minmay_temple_entry_mist, gup_sewer_entry_pipe
D:7:      gammafunk_temple_overflow_forgotten, trog_ov_bears_minmay,
          old_standard_altar, basic_altar, serial_shops, shop,
          uniq_crazy_yiuf_cottage
D:8:      erik_lair_island
D:9:      minmay_the_grid_four_pointed_star_mashed, overflow_temple_1_default,
          grunt_ogre_cave, uniq_maurice, uniq_gastronok
D:11:     orc_0_dummy, serial_shops, kennysheep_mini_moat, lemuel_old_faithful
D:12:     serial_shops, shop, basic_altar, serial_bayou_crossing
D:13:     lightli_vaults_fourway_checkpoint, lab_entry_generic
D:14:     serial_shops, nicolae_shop_trees
D:15:     hangedman_slaughterboxes
Temple:   dpeg_chambers_temple
Lair:1:   minivault_11
Lair:2:   beast_lair_carwin_5, lemuel_fruit_tree, infiniplex_staircase_pool_2
Lair:3:   lemuel_slime, guppyfry_snake_entry_garden, patterned_corridor,
          uniq_rupert
Lair:4:   minmay_swamp_entry_swarm
Lair:5:   basic_altar, kennysheep_rathole, grunt_megastairs_1,
          lemuel_fruit_fields, minmay_lair_oklob_chamber
Lair:6:   hangedman_lair_in_review, nicolae_slime_entry_slimehenge, uniq_nessos
Swamp:1:  evilmike_swamp_ruin_house_3
Swamp:2:  hangedman_swamp_lotus, hangedman_swamp_ravenous,
          infiniplex_staircase_pool
Swamp:3:  nicolae_swamp_godswood, uniq_louise
Swamp:4:  swamp_fiery, portal_ice_cave_entry_pillars_three
Snake:1:  special_room
Snake:2:  st_stairs_12, uniq_nikola, uniq_roxanne
Snake:3:  nicolae_snake_nest, fake_guardian_serpent_vault, uniq_aizul
Snake:4:  snake_pit_salamanders_mu, spider_trap
Slime:1:  cheibrodos_slime_lost_civilization_6
Slime:2:  nicolae_slime_phagocytosis
Slime:4:  cheibrodos_slime_lost_civilization_5
Orc:1:    serial_shops, nicolae_shop_waterfront, uniq_josephine
Orc:2:    st_orc_ogre_mass, chequers_guarded_unrand_ignorance
Vaults:1: nicolae_vaults_network_periphery, dpeg_vaults_monster_row,
          vaults_mumra_minichess, v_misc_11, vaults_dpeg_doors, v_misc_8,
          nicolae_vaults_arrows, v_alt_pattern_6, vaults_room_pool, uniq_jorgrun
Vaults:2: nicolae_vaults_hallways_thing, hangedman_vaults_hat, st_greater_box_1,
          grunt_vaults_swirl, ontoclasm_vaults_chip, v_alt_pattern_6,
          nicolae_vaults_little_squares_5, ontoclasm_vaults_spin,
          nicolae_vaults_yaktaur_gun_rack, nicolae_vaults_little_squares_4,
          ontoclasm_vaults_hangar, nicolae_vaults_specimen_jars
Vaults:3: v_misc_10, vaults_room_octagon, v_alt_pattern_6,
          nicolae_vaults_angled_halls, nicolae_vaults_little_squares_1,
          vaults_room_pools, vaults_room_semicircle
Vaults:4: nicolae_vaults_little_squares_6, nicolae_vaults_little_squares_6,
          hangedman_vaults_variations, nicolae_vaults_network_s, v_pattern_1,
          st_diamondy, vaults_room_pool, vaults_room_door_hall,
          vaults_room_hallway, v_misc_11, nicolae_vaults_alarming
Crypt:1:  grunt_crypt_arrival_split
Crypt:2:  basic_altar, grunt_ministairs_8, minivault_23
Crypt:3:  due_elkab, uniq_mara
Depths:1: abyss_entry, kennysheep_nondescript, serial_shops,
          nicolae_shop_temple_entry_statues_fountains, hell_entry,
          kennysheep_flooded_box, grunt_ministairs_14,
          hangedman_abyss_or_decor_slice, serial_bayou_pond_b,
          lemuel_statue_altar, serial_bayou_shore_a, serial_bayou_shore_b
Depths:2: cheibrodos_lost_city_excavation, grunt_hell_entry_dis_mu, abyss_entry,
          minmay_misc_feat_tiny, serial_shops, nicolae_shop_waterfront,
          minmay_staircase_statues
Depths:3: lemuel_vampire_tower, hangedman_decor_peaks_small, pan_entry,
          pf_hell_entry_tar_spiral
Geh:1:    lemuel_flamethrower_2
Geh:4:    gehenna_fire_generator
Geh:7:    geh_hangedman
Coc:4:    serial_ice, serial_ice_l, serial_ice_a, serial_ice_d, serial_ice_g,
          serial_ice_b, serial_ice_n
Coc:7:    coc_grunt
Tar:1:    regret_index_dithmenos_brocken_genspenst,
          hangedman_tartarus_temple_path, grunt_megastairs_2
Tar:7:    tar_grunt_cathedral
Abyss:3:  nicolae_abyss_rune_left_handed
Pan:      evilmike_mini_pan_corridor, pan_blood_fountain_small,
          evilmike_mini_pan_T, pan_blood_fountain_2, pan_blood_fountain_small,
          rand_demon_3, rand_demon_1, pan_blood_fountain_2, evilmike_mini_pan_V,
          nicolae_pan_lom_lobonic_2, grunt_pan_frozen_over,
          evilmike_mini_pan_branches, pan_blood_fountain_small, rand_demon_6,
          uniq_mennas_pan, evilmike_mini_pan_3x3
Lab:      labyrinth_hidden_loot, nicolae_lab_checkerboard,
          labyrinth_skeletal_remains, nicolae_lab_grate_2
Sewer:    sewer_frog_island_01
IceCv:    ice_cave_small_demon

Skill      XL: |  1  2  3  4  5  6  7  8  9 10 11 12 13 14 15 16 17 18 19 20 21 22 23 24 25 26 27 |
---------------+----------------------------------------------------------------------------------+-----
Unarmed Combat | 3 4 5 8 9 10 | 10.1
Fighting       | 3 4 5 8 10 13 15 16 17 | 17.0
Dodging        | 3 6 9 10 11 | 11.0
Translocations | 4 7 8 10 | 10.0
Charms         | 3 4 5 |  5.8
Evocations     | 4 6 9 10 | 10.0
Necromancy     | 2 6 7 9 |  9.9
Spellcasting   | 2 6 9 11 12 13 16 | 16.3
Invocations    | 3 5 9 |  9.4
Hexes          | 3 |  3.3
Polearms       | 9 12 14 | 14.0
Fire Magic     | 3 |  3.0
Conjurations   | 2 3 5 10 | 10.0
Shields        | 5 11 13 15 | 15.3
Stealth        | 5 8 11 | 11.0
Air Magic      | 3 6 7 8 |  8.1
Ice Magic      | 6 |  6.1
Summonings     | 3 11 13 16 19 | 19.4
Throwing       | |  0.8
Armour         | |  0.8

Action                   |  1- 3 |  4- 6 |  7- 9 | 10-12 | 13-15 | 16-18 | 19-21 | 22-24 | 25-27 || total
-------------------------+-------+-------+-------+-------+-------+-------+-------+-------+-------++-------
Melee: Unarmed           |   118 |   175 |   453 |   460 |   389 |       |       |     7 |       ||  1602
       Punch             |       |     3 |    11 |    18 |    33 |     4 |       |       |       ||    69
       Glaive            |       |       |       |       |   358 |    11 |       |       |       ||   369
       Demon trident     |       |       |       |       |   105 |  1450 |  1430 |  1518 |  1711 ||  6214
Throw: Javelin           |       |       |       |     3 |       |     3 |     1 |       |       ||     7
       Throwing net      |       |       |       |       |       |     2 |     2 |       |       ||     4
 Cast: Shroud of Golubri |       |     9 |    29 |    53 |    77 |    87 |    62 |    52 |    24 ||   393
       Blink             |       |       |     6 |     5 |    13 |    31 |    34 |    50 |    24 ||   163
       Animate Skeleton  |       |       |       |    45 |    77 |    63 |    47 |    24 |    53 ||   309
       Regeneration      |       |       |       |    10 |    21 |    39 |    35 |    48 |    42 ||   195
       Animate Dead      |       |       |       |       |    32 |    35 |    27 |    14 |    11 ||   119
       Passage of Golubr |       |       |       |       |    24 |    20 |     8 |    36 |    44 ||   132
       Conjure Flame     |       |       |       |       |     3 |       |     1 |     1 |       ||     5
       Confusing Touch   |       |       |       |       |       |     1 |       |       |       ||     1
       Control Undead    |       |       |       |       |       |    14 |    25 |     6 |    70 ||   115
       Mephitic Cloud    |       |       |       |       |       |     1 |    11 |     3 |       ||    15
       Ozocubu's Armour  |       |       |       |       |       |       |    34 |    22 |    14 ||    70
       Deflect Missiles  |       |       |       |       |       |       |     9 |     7 |     9 ||    25
       Apportation       |       |       |       |       |       |       |     2 |    29 |    15 ||    46
       Shadow Creatures  |       |       |       |       |       |       |       |    35 |    11 ||    46
       Malign Gateway    |       |       |       |       |       |       |       |    15 |    15 ||    30
       Summon Butterflie |       |       |       |       |       |       |       |     6 |       ||     6
       Summon Horrible T |       |       |       |       |       |       |       |       |    30 ||    30
Invok: Recall Ancestor   |       |       |     1 |    16 |    16 |    13 |     6 |    18 |    26 ||    96
       Ancestor Life: Ba |       |       |       |     1 |       |       |       |       |       ||     1
       Idealise          |       |       |       |       |     6 |     9 |     9 |    14 |     6 ||    44
       Transference      |       |       |       |       |       |       |     2 |       |       ||     2
Evoke: Wand              |       |       |     8 |     6 |     5 |    20 |       |    11 |     8 ||    58
       Lightning rod     |       |       |       |       |     4 |       |     4 |       |       ||     8
       Lamp of fire      |       |       |       |       |       |     3 |     1 |     1 |       ||     5
       Fan of gales      |       |       |       |       |       |     1 |       |       |       ||     1
       Sack of spiders   |       |       |       |       |       |       |     2 |       |       ||     2
       Phantom mirror    |       |       |       |       |       |       |     1 |     2 |       ||     3
       Staff of Wucad Mu |       |       |       |       |       |       |       |    14 |   131 ||   145
       Box of beasts     |       |       |       |       |       |       |       |     8 |     1 ||     9
       Horn of Geryon    |       |       |       |       |       |       |       |       |     1 ||     1
  Use: Scroll            |       |     1 |    14 |    10 |    24 |    10 |    27 |    32 |     3 ||   121
       Potion            |       |       |     1 |       |     1 |     1 |     4 |    27 |     5 ||    39
 Stab: Distracted        |       |       |     1 |     5 |    16 |    33 |    31 |    25 |    43 ||   154
       Sleeping          |       |       |       |       |     3 |    12 |     4 |     6 |     9 ||    34
       Paralysed         |       |       |       |       |     3 |    26 |       |     3 |     5 ||    37
       Betrayed ally     |       |       |       |       |       |     3 |     1 |     1 |     4 ||     9
       Confused          |       |       |       |       |       |       |     5 |     2 |       ||     7
       Held in net/web   |       |       |       |       |       |       |     2 |       |       ||     2
       Petrified         |       |       |       |       |       |       |     1 |       |     5 ||     6
  Eat: Chunk             |    18 |    22 |    27 |    66 |   147 |    91 |    96 |    35 |   128 ||   630
       Royal jelly       |       |       |       |       |       |     1 |       |       |       ||     1
       Meat ration       |       |       |       |       |       |       |     3 |     6 |       ||     9
Armor: Leather armour    |    22 |    26 |       |       |       |    14 |       |    89 |   258 ||   409
       Ring mail         |       |    20 |   178 |   149 |       |       |       |       |       ||   347
       Robe              |       |       |       |     8 |   218 |   176 |   287 |   118 |       ||   807
       Acid dragon scale |       |       |       |       |       |       |       |    58 |       ||    58
Dodge: Dodged            |    47 |   124 |   244 |   232 |   606 |   582 |   542 |   430 |   445 ||  3252
       Deflected         |       |       |       |       |       |       |    42 |    43 |    36 ||   121
Block: Buckler           |       |       |       |       |       |   147 |   200 |       |       ||   347
       Shield            |       |       |       |       |       |       |    53 |   639 |   741 ||  1433

Table legend:
 A = Spawn XP
 B = Non-spawn XP
 C = Spawn XP percentage of total XP
 D = Spawn monster count
 E = Non-spawn monster count
 F = Spawn count percentage of total count
 G = Total turns spent on level
                    A         B        C        D         E        F      G
               +---------+---------+-------+---------+---------+-------+---------
         Total |   23962 | 1450032 |   1.6 |      49 |    2568 |   1.9 | 41806
               +---------+---------+-------+---------+---------+-------+---------
           D:1 |       0 |      12 |   0.0 |       0 |       7 |   0.0 |   153
           D:2 |       0 |      75 |   0.0 |       0 |      23 |   0.0 |   654
           D:3 |       2 |     227 |   0.9 |       1 |      36 |   2.7 |   575
           D:4 |       3 |     458 |   0.7 |       1 |      14 |   6.7 |   522
           D:5 |       0 |     595 |   0.0 |       0 |      21 |   0.0 |   431
           D:6 |       0 |     931 |   0.0 |       0 |      22 |   0.0 |   419
           D:7 |     139 |     441 |  24.0 |       1 |       8 |  11.1 |   467
           D:8 |      90 |    1792 |   4.8 |       1 |      25 |   3.8 |   818
           D:9 |     737 |    7347 |   9.1 |       6 |      33 |  15.4 |  1066
          D:10 |       0 |    4004 |   0.0 |       0 |      25 |   0.0 |   714
          D:11 |       0 |    7999 |   0.0 |       0 |      37 |   0.0 |  1447
          D:12 |       0 |    4850 |   0.0 |       0 |      37 |   0.0 |   551
          D:13 |       0 |    9334 |   0.0 |       0 |      36 |   0.0 |   890
          D:14 |       0 |    6786 |   0.0 |       0 |      18 |   0.0 |   735
          D:15 |       0 |   43917 |   0.0 |       0 |      91 |   0.0 |  1510
        Lair:1 |       0 |    5359 |   0.0 |       0 |      28 |   0.0 |   625
        Lair:2 |       0 |    8243 |   0.0 |       0 |      27 |   0.0 |   534
        Lair:3 |       0 |   10218 |   0.0 |       0 |      27 |   0.0 |   583
        Lair:4 |       0 |    6908 |   0.0 |       0 |      30 |   0.0 |   356
        Lair:5 |       0 |    2012 |   0.0 |       0 |      19 |   0.0 |   213
        Lair:6 |       0 |   17825 |   0.0 |       0 |      52 |   0.0 |   866
       Swamp:1 |       0 |    5976 |   0.0 |       0 |      19 |   0.0 |   278
       Swamp:2 |       0 |    4933 |   0.0 |       0 |      11 |   0.0 |   180
       Swamp:3 |       0 |   15679 |   0.0 |       0 |      41 |   0.0 |   620
       Swamp:4 |       0 |   15655 |   0.0 |       0 |      47 |   0.0 |   482
       Snake:1 |       0 |    9760 |   0.0 |       0 |      22 |   0.0 |   416
       Snake:2 |       0 |    2542 |   0.0 |       0 |       4 |   0.0 |    56
       Snake:3 |       0 |   13160 |   0.0 |       0 |      18 |   0.0 |   675
       Snake:4 |       0 |   70226 |   0.0 |       0 |     121 |   0.0 |  1743
       Slime:1 |       0 |   10400 |   0.0 |       0 |      19 |   0.0 |   161
       Slime:2 |       0 |   12449 |   0.0 |       0 |      25 |   0.0 |   272
       Slime:3 |       0 |    4448 |   0.0 |       0 |      13 |   0.0 |    60
       Slime:4 |       0 |    5818 |   0.0 |       0 |       7 |   0.0 |   316
       Slime:5 |       0 |   40250 |   0.0 |       0 |      35 |   0.0 |   465
         Orc:1 |       0 |   10728 |   0.0 |       0 |      47 |   0.0 |  1235
         Orc:2 |       0 |    9922 |   0.0 |       0 |      26 |   0.0 |   571
      Vaults:1 |       0 |   23526 |   0.0 |       0 |      41 |   0.0 |   333
      Vaults:2 |       0 |   20454 |   0.0 |       0 |      39 |   0.0 |   746
      Vaults:3 |       0 |   24130 |   0.0 |       0 |      42 |   0.0 |   895
      Vaults:4 |       0 |   96896 |   0.0 |       0 |     130 |   0.0 |  1863
      Vaults:5 |       0 |   62986 |   0.0 |       0 |      57 |   0.0 |  1254
       Crypt:1 |       0 |    2943 |   0.0 |       0 |       4 |   0.0 |   463
       Crypt:2 |       0 |   11894 |   0.0 |       0 |      22 |   0.0 |   351
       Crypt:3 |       0 |   77997 |   0.0 |       0 |      90 |   0.0 |  1815
      Depths:1 |       0 |   33733 |   0.0 |       0 |      45 |   0.0 |   764
      Depths:2 |       0 |   41670 |   0.0 |       0 |      51 |   0.0 |   605
      Depths:3 |       0 |   42792 |   0.0 |       0 |      70 |   0.0 |   980
          Hell |       0 |   36287 |   0.0 |       0 |      62 |   0.0 |   569
         Geh:1 |       0 |   34704 |   0.0 |       0 |      59 |   0.0 |   539
         Geh:2 |       0 |   14101 |   0.0 |       0 |      36 |   0.0 |   267
         Geh:3 |       0 |   36955 |   0.0 |       0 |      53 |   0.0 |   313
         Geh:4 |       0 |    1934 |   0.0 |       0 |       8 |   0.0 |    38
         Geh:5 |       0 |   10313 |   0.0 |       0 |      22 |   0.0 |   183
         Geh:6 |       0 |   18616 |   0.0 |       0 |      33 |   0.0 |   289
         Geh:7 |       0 |  100160 |   0.0 |       0 |     116 |   0.0 |   971
         Coc:1 |       0 |   12822 |   0.0 |       0 |      15 |   0.0 |   114
         Coc:2 |       0 |    4353 |   0.0 |       0 |       8 |   0.0 |    26
         Coc:3 |       0 |    8910 |   0.0 |       0 |      23 |   0.0 |   115
         Coc:4 |       0 |    1241 |   0.0 |       0 |       3 |   0.0 |    21
         Coc:5 |       0 |    9195 |   0.0 |       0 |      17 |   0.0 |   129
         Coc:6 |       0 |   24377 |   0.0 |       0 |      38 |   0.0 |   236
         Coc:7 |       0 |   52777 |   0.0 |       0 |      72 |   0.0 |   398
         Tar:1 |       0 |    1484 |   0.0 |       0 |       5 |   0.0 |    29
         Tar:3 |       0 |   15693 |   0.0 |       0 |      27 |   0.0 |   219
         Tar:4 |       0 |   14532 |   0.0 |       0 |      20 |   0.0 |   167
         Tar:5 |       0 |    5110 |   0.0 |       0 |      12 |   0.0 |   182
         Tar:6 |       0 |    5067 |   0.0 |       0 |       5 |   0.0 |    45
         Tar:7 |       0 |  102278 |   0.0 |       0 |      87 |   0.0 |   898
       Abyss:1 |    1551 |    1925 |  44.6 |       4 |       6 |  40.0 |   136
       Abyss:3 |    1543 |    8775 |  15.0 |       5 |      12 |  29.4 |   116
           Pan |   19897 |  112022 |  15.1 |      30 |     119 |  20.1 |  2915
           Lab |       0 |    1396 |   0.0 |       0 |       2 |   0.0 |   303
         Sewer |       0 |     231 |   0.0 |       0 |      21 |   0.0 |   244
         IceCv |       0 |    4474 |   0.0 |       0 |      25 |   0.0 |   465
               +---------+---------+-------+---------+---------+-------+---------
